 Dungeon Crawl Stone Soup version 0.30-a0-1082-g70414cbcbb (webtiles) character file.

Game seed: 3698578611193603678

93 ryw the Cudgeller (level 4, -1/35 HPs)
             Began as a Mummy Fighter on Apr 16, 2023.
             Slain by an orc
             ... wielding a +0 club
              (4 damage)
             ... on level 4 of the Dungeon.
             The game lasted 00:03:06 (2163 turns).

ryw the Cudgeller (Mummy Fighter)                   Turns: 2163, Time: 00:03:07

Health: -1/35      AC:  6    Str: 21    XL:     4   Next: 36%
Magic:  4/4        EV:  9    Int:  7    God:
Gold:   170        SH:  4    Dex: 11    Spells: 3/3 levels left

rFire   x . .      SeeInvis .    a - +1 flail (chaos)
rCold   + . .      Faith    +    c - +0 buckler
rNeg    + + +      Spirit   .    b - +0 scale mail
rPois   ∞          Reflect  .    (no helmet)
rElec   .          Rampage  .    (no cloak)
rCorr   .                        (no gloves)
Will    .....                    (no boots) Stlth
                                 (no amulet)
HPRegen 0.25/turn                (no ring)
MPRegen 0.09/turn                (no ring)

@: no status effects
A: cold resistance 1, negative energy resistance 3, torment resistance 2, heat
vulnerability 1, in touch with death 1, no potions, faith
a: no special abilities


You were on level 4 of the Dungeon.
You visited 1 branch of the dungeon, and saw 4 of its levels.

You collected 170 gold pieces.

Inventory:

Hand Weapons
 a - a +1 flail of chaos (weapon)
Missiles
 j - 6 boomerangs (quivered)
 l - 3 poisoned darts
Armour
 b - a +0 scale mail (worn)
 c - a +0 buckler (worn)
Wands
 n - a wand of iceblast (7)
Scrolls
 d - a scroll of summoning
 e - a scroll of vulnerability
 f - a scroll of fear
 g - a scroll of teleportation
 h - a scroll of immolation
 i - a scroll of amnesia


   Skills:
 - Level 3.0 Fighting
 + Level 3.9 Maces & Flails
 - Level 2.4 Armour
 - Level 2.4 Shields


You had 3 spell levels left.
You didn't know any spells.
Your spell library contained the following spells:

 Spells                   Type           Power      Damage    Failure   Level
 Apportation              Tloc           0%         N/A       86%         1
 Summon Small Mammal      Summ           0%         N/A       86%         1
 Blink                    Tloc           0%         N/A       95%         2
 Lesser Beckoning         Tloc           0%         N/A       95%         2
 Momentum Strike          Conj/Tloc      0%         3d8       95%         2
 Call Canine Familiar     Summ           0%         N/A       99%         3
 Dazzling Flash           Conj/Hex       0%         N/A       99%         3
 Frozen Ramparts          Ice            0%         1d1       99%         3
 Summon Guardian Golem    Hex/Summ       0%         N/A       99%         3
 Summon Ice Beast         Ice/Summ       0%         N/A       100%        4
 Agony                    Necr           0%         N/A       100%        5
 Silence                  Hex/Air        0%         N/A       100%        5
 Ice Form                 Ice/Tmut       Unusable   N/A       N/A         4

Dungeon Overview and Level Annotations

Branches:
Dungeon (4/15)
 Temple: D:4-7

Altars:


Innate Abilities, Weirdness & Mutations

You are immune to poison.
Your flesh is cold resistant. (rC+)
You are immune to negative energy. (rN+++)
You are immune to unholy pain and torment.
You are vulnerable to heat. (rF-)
You are in touch with the powers of death.
You do not drink.
You have a special connection with the divine. (Faith)


Message History

The ufetubus hits you but does no damage.
The orc barely misses you.
You closely miss the orc wizard.
The ufetubus hits you but does no damage.
The ufetubus barely misses you. The orc hits you but does no damage.
The orc hits you with a +0 dagger. The orc wizard casts a spell at you.
You block the puff of flame. The ufetubus hits you.
The ufetubus barely misses you. The orc completely misses you.
The orc wizard hits you but does no damage.
The orc misses you.
The ufetubus hits you but does no damage. x2
You sock the orc wizard!
The orc wizard is heavily wounded.
The ufetubus hits you but does no damage.
The ufetubus hits you. The orc hits you with a +0 club.
The orc hits you with a +0 dagger.
The orc wizard hits you with a +0 dagger.
The ufetubus hits you. The ufetubus barely misses you.
You are too injured to fight recklessly!
You are too injured to fight recklessly!
You are too injured to fight recklessly!
You barely miss the orc wizard.
The orc wizard is heavily wounded.
The ufetubus barely misses you.
The ufetubus hits you but does no damage.
The orc hits you with a +0 club.
* * * LOW HITPOINT WARNING * * *
The orc wizard barely misses you. The orc hits you but does no damage.
The ufetubus barely misses you. x2; The orc hits you with a +0 dagger.
* * * LOW HITPOINT WARNING * * *
The orc wizard mumbles some strange words.
The orc wizard flickers and vanishes!
Deactivating autopickup; reactivate with Ctrl-A.
The orc closely misses you.
You closely miss the ufetubus. The ufetubus barely misses you.
The ufetubus hits you.
* * * LOW HITPOINT WARNING * * *
The orc hits you with a +0 club.
You die...

....>.....###..#.#
..........##...#.#
.#........##..##.#
.#......#.....##.##
.######...##.###..#
##..##.# #..#
..##.# #..# #.#
#..# ... #@o#
......5o{../...
##...##..##.###
.... .... # .##
#..#. #...#. ...#
#. ..## #.


You could see 2 orcs and an ufetubus.

Vanquished Creatures
  An orc wizard (D:4)
  2 adders
  A dart slug (D:3)
  An orc (D:4)
  4 endoplasms
  5 hobgoblins (D:2)
  4 jackals (D:2)
  5 kobolds
  3 quokkas
  4 ball pythons
  6 bats
  5 goblins
  4 rats
45 creatures vanquished.

Notes
Turn   | Place    | Note
-------+----------+-------------------------------------------
     0 | D:1      | ryw the Mummy Fighter began the quest for the Orb.
     0 | D:1      | Reached XP level 1. HP: 18/18 MP: 1/1
   432 | D:1      | Reached XP level 2. HP: 22/24 MP: 2/2
   817 | D:2      | Found a faded altar of an unknown god.
   824 | D:2      | Got Plato's Excursus on Transportation
  1159 | D:2      | Gained mutation: You are in touch with the powers of death.
                  | [Mummy growth]
  1159 | D:2      | Reached XP level 3. HP: 29/29 MP: 3/3
  1790 | D:3      | Noticed a wight
  2131 | D:4      | Reached XP level 4. HP: 32/35 MP: 4/4
  2163 | D:4      | Slain by an orc

Illustrated notes

Levels and vault maps discovered:
D:1:      spicycebolla_green_bress_n_ham_2, layout_basic
D:2:      layout_rooms, shapermc_ecumenical_altar_rom_forum,
          minmay_small_reverse_x
D:3:      layout_loops_ring, lightli_corner_chamber
D:4:      layout_loops_ring

Skill      XL: |  1  2  3 |
---------------+----------+-----
Maces & Flails | 2 3 |  3.9
Fighting       | |  3.0
Armour         | |  2.4
Shields        | |  2.4

Action                     |  1- 3 |  4- 6 || total
---------------------------+-------+-------++-------
  Melee: Flail             |   138 |     7 ||   145
    Use: Scroll            |    12 |       ||    12
 Armour: Scale mail        |    96 |    11 ||   107
  Dodge: Dodged            |    76 |    13 ||    89
  Block: Buckler           |    36 |     3 ||    39

Table legend: (Time is in decaauts)
 A = Elapsed time spent in this place.
 B = Non-inter-level travel time spent in this place.
 C = Inter-level travel time spent in this place.
 D = Time resting spent in this place.
 E = Time spent auto-exploring this place.
 F = Levels seen in this place.
 G = Mean time per level.
                   A        B        C        D        E       F      G
               +--------+--------+--------+--------+--------+-----+--------+
         Total |   2208 |   2090 |    118 |    100 |   1589 |   4 |  552.0 |
       Dungeon |   2208 |   2090 |    118 |    100 |   1589 |   4 |  552.0 |
               +--------+--------+--------+--------+--------+-----+--------+

Top non-repeatable levels by time:
     D:1: 788 daAuts
     D:3: 684 daAuts
     D:2: 636 daAuts
     D:4: 98 daAuts
